 Dungeon Crawl Stone Soup version 0.18-a0-1485-g189885c (webtiles) character file.

26 Gorice the Poker (level 2, -1/23 HPs)
             Began as a Demonspawn Gladiator on Mar 3, 2016.
             Slain by a worm (7 damage)
             ... on level 2 of the Dungeon.
             The game lasted 00:03:00 (766 turns).

Gorice the Poker (Demonspawn Gladiator)              Turns: 766, Time: 00:03:00

Health: -1/23      AC:  6    Str: 15    XL:     2   Next: 89%
Magic:  2/2        EV: 11    Int:  9    God:
Gold:   48         SH:  0    Dex: 13    Spells: 0 memorised, 1 level left

rFire  . . .     SeeInvis .     d - -3 hunting sling (curse)
rCold  . . .     Gourm    .     l - +0 ring mail
rNeg   . . .     Faith    .     (no shield)
rPois  .         Spirit   .     c - +0 helmet
rElec  .         Dismiss  .     (no cloak)
rCorr  .         Reflect  .     (no gloves)
SustAt .         Harm     .     (no boots)
MR     .....                    (no amulet)
Stlth  +.........               (no ring)
                                (no ring)

@: not resistant to hostile enchantments, very unstealthy
A: powered by pain 1
a: no special abilities


You were on level 2 of the Dungeon.
You were not hungry.

You visited 1 branch of the dungeon, and saw 2 of its levels.

You collected 48 gold pieces.

Inventory:

Hand Weapons
 a - a +0 trident
 d - a cursed -3 hunting sling (weapon)
Missiles
 Y - 2 throwing nets (quivered)
Armour
 b - a +0 leather armour
 c - a +0 helmet (worn)
 l - a +0 ring mail (worn)
Scrolls
 o - a scroll of magic mapping {!r}
Potions
 j - a potion of curing
 n - a potion of berserk rage
 p - a potion of haste {unknown}
Comestibles
 f - a bread ration {!e}
 h - 3 chunks of flesh
 k - a slice of pizza
 m - a meat ration {!e}


   Skills:
 + Level 2.3 Fighting
 * Level 3.5 Polearms
 - Level 1.7 Throwing
 - Level 2.6 Dodging


You had one spell level left.
You didn't know any spells.

Dungeon Overview and Level Annotations

Branches:
Dungeon (2/15)

Altars:


Innate Abilities, Weirdness & Mutations

You sometimes gain a little power by taking damage.


Message History

You clumsily bash the worm but do no damage.
The worm is heavily wounded.
The worm struggles against the net.
You clumsily bash the worm but do no damage.
The worm is heavily wounded.
The worm struggles against the net.
You clumsily bash the worm but do no damage.
The worm is moderately wounded.
The worm struggles to escape the net.
The worm breaks free.
You barely miss the worm.
The worm is moderately wounded.
You clumsily bash the worm but do no damage.
The worm is moderately wounded.
The worm bites you but does no damage.
You clumsily bash the worm but do no damage.
The worm is moderately wounded.
The worm bites you.
Damage: 4 (max 4)
You clumsily bash the worm but do no damage.
The worm is moderately wounded.
The worm closely misses you.
You clumsily bash the worm but do no damage.
The worm is lightly wounded.
The worm bites you!
Damage: 9 (max 9)
You clumsily bash the worm but do no damage.
The worm is lightly wounded.
The worm misses you.
You clumsily bash the worm but do no damage.
The worm is lightly wounded.
The worm closely misses you.
Your ring mail prevents you from hitting the worm.
The worm bites you but does no damage.
You clumsily bash the worm but do no damage.
The worm bites you.
Damage: 2 (max 9)
You clumsily bash the worm but do no damage.
You clumsily bash the worm but do no damage.
The worm bites you but does no damage.
You clumsily bash the worm but do no damage.
The worm closely misses you.
You clumsily bash the worm but do no damage.
The worm barely misses you.
You clumsily bash the worm but do no damage.
The worm bites you.
* * * LOW HITPOINT WARNING * * *
Damage: 3 (max 9)
You clumsily bash the worm but do no damage.
The worm bites you!
You die...

### #.. #.###
#... #
#####.###....
#<...@w((....
#########....
.


You could see a worm.

Vanquished Creatures
  An ooze (D:1)
  A dart slug (D:1)
  5 goblins (D:1)
  4 hobgoblins (D:1)
  3 jackals (D:1)
  A bat (D:1)
  A giant newt (D:1)
  3 rats (D:1)
19 creatures vanquished.

Notes
Turn   | Place    | Note
--------------------------------------------------------------
     0 | D:1      | Gorice the Demonspawn Gladiator began the quest for the Orb.
     0 | D:1      | Reached XP level 1. HP: 16/16 MP: 1/1
   151 | D:1      | Reached skill level 3 in Polearms
   227 | D:1      | Gained mutation: You sometimes gain a little power by taking damage. [demonic ancestry]
   227 | D:1      | Reached XP level 2. HP: 20/22 MP: 2/2
   765 | D:2      | HP: 6/23 [worm (3)]
   766 | D:2      | Slain by a worm

Vault maps used:
D:1:      wheals_arrival_linesprint
D:2:      minmay_ruptured, uniq_sigmund

Skill      XL: |  1 |
---------------+----+-----
Polearms       | 3 |  3.5
Fighting       | |  2.3
Throwing       | |  1.7
Dodging        | |  2.6

Action                   || total
-------------------------++-------
Melee: Trident           ||    70
       Hunting sling     ||    18
 Fire: Hunting sling     ||     5
Throw: Throwing net      ||     1
  Use: Scroll            ||     5
 Stab: Sleeping          ||     1

Table legend:
 A = Turns spent in this place as a percentage of turns spent in the entire game.
 B = Non-inter-level travel turns spent in this place as a percentage of non-inter-level travel turns spent in the entire game.
 C = Inter-level travel turns spent in this place as a percentage of turns spent in this place.
 D = Turns resting spent in this place as a percentage of non-inter-level travel turns spent in this place.
 E = Turns spent auto-exploring this place as a percentage of non-inter-level travel turns spent in this place.
 F = Non-inter-level travel turns spent in this place divided by the number of levels of this place that you've seen.
                   A       B       C       D       E      F
               +-------+-------+-------+-------+-------+----------------------
         Total | 100.0 | 100.0 |   0.7 |   0.7 |   8.6 | 140.0
       Dungeon | 100.0 | 100.0 |   0.7 |   0.7 |   8.6 | 140.0
               +-------+-------+-------+-------+-------+----------------------

Vault maps used:
D:1:      wheals_arrival_linesprint
D:2:      minmay_ruptured, uniq_sigmund
